Map: Sunset Valley LE

Players

MooEsqoo

  • Race: Zerg Zerg
  • Spawn Location: 5:00

BLACK

  • Race: Zerg Zerg
  • Spawn Location: 5:00

Soso

  • Race: Terran Terran
  • Spawn Location: 6:00

Lexx

  • Race: Terran Terran
  • Spawn Location: 5:00

Funkykong - Winner!

  • Race: Terran Terran
  • League: Platinum
  • Spawn Location: 11:00

DOC - Winner!

  • Race: Protoss Protoss
  • Spawn Location: 12:00

habusjr - Winner!

  • Race: Zerg Zerg
  • Spawn Location: 9:00

nkrd - Winner!

  • Race: Protoss Protoss
  • Spawn Location: 12:00

VOD

Have the link to the VOD?

Description

Time

  • Played on: Dec. 19, 2019, 6:01 a.m.
  • Length: 10:06
Show
View Real Time Build Order
Export as new Build Order

MooEsqoo Zerg 

Build Orders: Hatch First 

Get SALT Encoding   

  12  0:04  Drone  
  13  0:12  Overlord  
  13  0:26  Drone  
  14  0:31  Drone x2  
  16  0:57  Hatchery  
  16  1:00  Drone x2  
  16  1:01  Drone  
  18  1:08  Extractor  
  17  1:21  Drone  
  18  1:25  Spawning Pool  
  18  1:28  Drone  
  18  1:38  Drone  
  19  1:43  Overlord  
  19  1:56  Drone  
  20  2:11  Drone  
  20  2:14  Queen  
  23  2:16  Queen  
  23  2:19  Metabolic Boost  
  23  2:22  Zergling x4  
  27  2:23  Drone  
  28  2:37  Zergling x2  
  28  2:38  Zergling x2  
  30  2:58  Zergling x4, Drone x2  
  32  3:00  Hatchery  
  33  3:11  Drone  
  33  3:12  Drone  
  35  3:13  Overlord  
  35  3:30  Queen  
  35  3:31  Queen  
  39  3:37  Overlord, Zergling x6  
  38  4:08  Zergling x12  
  38  4:09  Drone x3  
  42  4:35  Overlord, Drone x3  
  45  4:45  Drone x2  
  47  4:46  Drone x3  
  50  4:53  Extractor  
  50  4:59  Drone  
  51  5:00  Drone x3  
  51  5:06  Extractor  
  52  5:08  Extractor  
  52  5:10  Drone x2  
  52  5:11  Drone  
  52  5:13  Extractor x2, Overlord  
  51  5:37  Roach Warren  
  51  5:38  Evolution Chamber x2  
  43  6:04  Drone x2  
  43  6:05  Drone x7  
  43  6:06  Overlord x3  
  43  6:07  Overlord x2, Drone  
  53  6:13  Zerg Missile Weapons Level 1  
  53  6:14  Zerg Ground Armor Level 1  
  53  6:29  Drone x3  
  53  6:30  Drone x2  
  58  6:39  Roach x3  
  64  6:41  Roach x2  
  68  7:00  Queen  
  63  7:36  Spore Crawler  
  62  7:37  Spore Crawler  
  62  7:39  Spore Crawler  
  39  8:16  Drone x3  
  39  8:17  Drone x7  
  48  8:35  Roach x2  
  48  8:39  Spawning Pool  
  30  9:28  Spore Crawler  
  23  9:31  Spore Crawler  
Show
View Real Time Build Order
Export as new Build Order

BLACK Zerg 

Build Orders: Pool First, Swarm Host 

Get SALT Encoding   

  12  0:02  Drone  
  13  0:26  Spawning Pool, Extractor  
  11  0:29  Drone  
  12  0:46  Overlord  
  12  0:48  Drone  
  13  0:57  Drone  
  14  1:10  Drone x2  
  16  1:14  Queen  
  18  1:22  Zergling x2  
  19  1:30  Metabolic Boost  
  19  1:38  Spine Crawler  
  18  1:44  Zergling x2  
  19  1:49  Zergling x2  
  20  1:55  Zergling x2  
  21  2:05  Spine Crawler, Zergling x2  
  21  2:16  Zergling x2  
  22  2:29  Lair  
  22  2:30  Overlord  
  22  2:54  Zergling x6  
  25  3:05  Extractor  
  24  3:07  Zergling x6  
  27  3:13  Drone  
  28  3:22  Drone  
  29  3:27  Hatchery  
  20  4:12  Zergling x6  
  20  4:13  Zergling x2  
  23  4:43  Drone x2  
  23  4:45  Overseer  
  22  4:56  Spore Crawler, Drone  
  22  4:57  Drone x3  
  21  5:10  Infestation Pit  
  21  5:13  Nydus Network, Drone x3  
  22  5:20  Queen  
  24  5:27  Overseer  
  24  5:29  Overseer  
  24  5:35  Spine Crawler  
  23  5:36  Spore Crawler  
  22  6:05  Swarm Host x4  
  22  6:07  Overlord x3  
  22  6:11  Pneumatized Carapace  
  34  6:29  Swarm Host  
  37  6:33  Drone x2  
  37  6:34  Drone  
  37  6:37  Extractor  
  39  6:45  Drone  
  40  6:50  Extractor  
  39  6:59  Spore Crawler  
  32  7:15  Spore Crawler  
  27  7:17  Spore Crawler  
  27  7:19  Nydus Canal  
  11  7:39  Drone x3  
  11  7:40  Drone x5  
  19  7:45  Hydralisk Den  
  19  7:50  Spore Crawler  
  17  7:52  Spore Crawler  
  17  7:57  Spore Crawler  
  15  8:05  Drone x3  
  18  8:16  Hydralisk  
  16  8:42  Spore Crawler  
  16  8:43  Hydralisk x2  
  19  8:51  Overlord  
  19  8:52  Overlord x2  
  19  9:11  Overseer  
  19  9:28  Hatchery  
  18  9:43  Spore Crawler  
  17  9:50  Spore Crawler, Drone x2  
  17  9:51  Drone  
Show
View Real Time Build Order
Export as new Build Order

Soso Terran 

Build Orders:  

Get SALT Encoding   

Show
View Real Time Build Order
Export as new Build Order

Lexx Terran 

Build Orders:  

Get SALT Encoding   

  12  0:02  SCV  
  13  0:18  Supply Depot  
  13  0:26  SCV  
  14  0:45  Barracks  
  14  0:53  Barracks  
  14  0:54  SCV  
  15  1:06  SCV  
  15  1:10  Refinery  
  16  1:18  Refinery, SCV  
  17  1:30  SCV  
  18  1:34  Supply Depot  
  18  1:35  Marine  
  19  1:46  Marine  
  20  1:53  Marine  
  21  2:04  Marine  
  22  2:11  Marine  
  24  2:15  SCV  
  24  2:22  Marine  
  24  2:27  SCV  
  26  2:37  Supply Depot  
  25  2:47  Barracks Tech Lab  
  23  2:53  Barracks Reactor  
  23  3:09  Concussive Shells  
  23  3:11  Marauder  
  25  3:14  Orbital Command  
  25  3:30  Marine x2  
  25  3:32  Marauder  
  29  3:38  Factory  
  29  3:48  Marine x2  
  27  3:54  Marauder  
  30  4:06  Marine x2  
  29  4:15  Marauder  
  29  4:24  Marine x2  
  29  4:28  Factory Tech Lab, Supply Depot  
  29  4:29  Supply Depot  
  31  4:31  Starport  
  31  4:34  Combat Shield  
  31  4:36  Marauder  
  33  4:41  Marine  
  33  4:42  Marine  
  35  4:48  Engineering Bay  
  35  4:50  Siege Tank  
  38  4:58  Marauder, Liberator  
  38  4:59  Marine x2  
  44  5:17  Marine x2  
  44  5:19  Marauder  
  49  5:22  Widow Mine  
  51  5:35  Marine x2  
  53  5:40  Marine  
  54  5:48  Widow Mine  
  52  5:58  Marauder  
  52  6:02  Marine  
  55  6:13  Marine  
  54  6:19  Marine, Starport Tech Lab  
  54  6:22  Marine  
  51  6:30  Marine  
  52  6:42  Marine  
  52  6:43  Marine  
  54  6:48  Marine  
  54  6:51  Supply Depot  
  54  6:54  Supply Depot x2  
  55  7:00  Marine x2  
  48  7:06  Marine  
  49  7:12  Raven  
  46  7:16  Supply Depot  
  46  7:18  Marine x2  
  30  7:37  Marauder  
  9  7:58  Marauder  
  9  8:24  Orbital Command  
Show
View Real Time Build Order
Export as new Build Order

Funkykong Terran - Winner!

Build Orders:  

Get SALT Encoding   

  12  0:01  SCV  
  13  0:13  SCV  
  14  0:28  Supply Depot  
  14  0:34  SCV  
  15  0:41  Supply Depot  
  15  0:50  SCV  
  15  0:52  Barracks  
  16  1:02  SCV  
  17  1:09  Barracks  
  17  1:14  SCV  
  18  1:26  SCV  
  18  1:27  Barracks  
  19  1:38  SCV  
  20  1:42  Bunker  
  20  1:47  Marine  
  20  1:50  SCV  
  20  1:53  Refinery  
  22  1:56  Refinery  
  22  2:01  Marine  
  22  2:02  SCV  
  24  2:09  Supply Depot  
  24  2:13  Marine  
  24  2:14  SCV  
  26  2:23  Marine x2  
  28  2:39  Marine  
  29  2:48  Command Center  
  29  2:51  Barracks Tech Lab  
  29  3:02  Marine x2  
  31  3:13  Stimpack  
  31  3:15  Orbital Command  
  31  3:19  Marine  
  32  3:28  Marine x2  
  34  3:39  Factory  
  34  3:52  Marine x2  
  34  3:53  Marine  
  37  4:00  Bunker  
  37  4:29  Marine x3  
  40  4:47  Marine x2  
  40  4:49  Marine  
  43  4:52  Factory Tech Lab  
  43  4:54  Factory  
  43  4:59  Engineering Bay  
  43  5:05  Marine  
  44  5:08  Combat Shield  
  42  5:33  Siege Tank  
  37  5:45  Factory Tech Lab  
  37  5:55  Marine x3  
  40  6:02  Orbital Command, Starport  
  40  6:13  Marine, Barracks  
  40  6:15  Barracks  
  31  6:22  Marauder, Marine  
  34  6:27  Siege Tank  
  34  6:28  Siege Tank  
  34  6:31  Marine  
  41  6:40  Marine  
  41  6:43  Starport Reactor  
  41  6:44  Marauder  
  44  6:48  Marine  
  45  6:55  Armory  
  45  6:58  Marine  
  45  7:05  Marine  
  46  7:12  Marine x3  
  46  7:15  Marine  
  47  7:22  Marine  
  47  7:25  Viking x2  
  47  7:29  Marine  
  51  7:30  Marine x2  
  54  7:38  Marine  
  54  8:00  Missile Turret  
  54  8:04  Marine  
  54  8:34  Supply Depot x2  
  54  8:40  Medivac, Marine x5, SCV  
  62  8:45  Supply Depot  
  60  8:58  Marine x2  
  60  8:59  Marauder  
  64  9:05  SCV x2  
  64  9:07  Barracks Reactor  
  64  9:08  Barracks Reactor  
  66  9:12  Thor  
  66  9:16  Supply Depot  
  72  9:17  SCV x2  
  72  9:20  Marauder  
  76  9:29  SCV x2  
  78  9:41  Marauder  
  80  9:47  Supply Depot  
Show
View Real Time Build Order
Export as new Build Order

DOC Protoss - Winner!

Build Orders:  

Get SALT Encoding   

  12  0:03  Probe (Chrono Boost)  
  13  0:13  Probe (Chrono Boost)  
  14  0:18  Probe (Chrono Boost)  
  15  0:28  Pylon  
  15  0:46  Probe  
  16  0:55  Forge  
  16  0:58  Probe  
  16  0:59  Gateway  
  17  1:05  Pylon  
  17  1:11  Probe (Chrono Boost)  
  18  1:21  Probe (Chrono Boost)  
  18  1:25  Assimilator  
  19  1:26  Probe (Chrono Boost)  
  19  1:29  Assimilator  
  20  1:35  Photon Cannon  
  20  1:41  Photon Cannon  
  20  1:46  Zealot  
  22  2:08  Cybernetics Core  
  22  2:27  Pylon  
  22  2:36  Zealot  
  24  2:49  Shield Battery  
  24  3:01  Stargate  
  24  3:03  Stargate  
  24  3:15  Probe (Chrono Boost)  
  25  3:25  Probe (Chrono Boost)  
  26  3:30  Probe (Chrono Boost)  
  27  3:41  Probe  
  28  3:45  Assimilator  
  28  3:49  Assimilator  
  24  4:07  Photon Cannon  
  31  4:44  Nexus  
  23  6:39  Pylon  
  23  7:54  Nexus  
  23  8:09  Nexus  
  23  9:20  Probe  
  23  9:22  Pylon  
  23  9:24  Pylon  
  24  9:34  Probe (Chrono Boost)  
  25  9:41  Probe (Chrono Boost)  
  27  9:48  Probe (Chrono Boost)  
  27  9:51  Probe (Chrono Boost)  
  28  9:56  Probe (Chrono Boost)  
Show
View Real Time Build Order
Export as new Build Order

habusjr Zerg - Winner!

Build Orders: Hatch First 

Get SALT Encoding   

  12  0:01  Drone  
  14  0:16  Overlord  
  14  0:20  Drone  
  14  0:36  Drone x2  
  16  0:57  Hatchery  
  16  1:02  Drone x2  
  17  1:11  Spawning Pool  
  16  1:18  Extractor  
  16  1:22  Drone x2  
  17  1:36  Extractor  
  16  1:50  Drone x3  
  19  2:02  Queen  
  21  2:09  Queen  
  21  2:12  Drone x2  
  25  2:26  Drone x3  
  28  2:44  Lair  
  28  2:49  Extractor x2  
  26  2:55  Drone x2  
  26  2:58  Overlord x2  
  28  3:24  Drone x5  
  28  3:25  Drone x3  
  36  3:28  Drone  
  37  3:47  Spire  
  36  4:05  Overlord x4  
  36  4:36  Drone x2  
  36  4:37  Drone x7  
  36  4:38  Drone x3  
  48  5:01  Overlord x2  
  48  5:08  Zerg Flyer Weapons Level 1  
  48  5:30  Mutalisk x4  
  48  5:31  Mutalisk x5  
  66  5:57  Mutalisk x7  
  80  7:03  Zerg Flyer Armor Level 1  
  78  7:14  Mutalisk x7  
  90  7:52  Mutalisk  
  86  8:08  Mutalisk x3  
  80  8:26  Mutalisk x4  
  72  8:42  Mutalisk x2  
  76  9:52  Hatchery  
Show
View Real Time Build Order
Export as new Build Order

nkrd Protoss - Winner!

Build Orders: Dark Templar Rush 

Get SALT Encoding   

  12  0:02  Probe (Chrono Boost)  
  13  0:13  Probe (Chrono Boost)  
  14  0:18  Probe (Chrono Boost)  
  15  0:24  Pylon  
  15  0:41  Assimilator  
  15  0:42  Probe  
  16  0:50  Gateway  
  16  0:54  Probe  
  17  1:00  Forge  
  17  1:06  Probe (Chrono Boost)  
  18  1:14  Assimilator  
  19  1:18  Probe (Chrono Boost)  
  19  1:24  Pylon  
  19  1:27  Probe (Chrono Boost)  
  20  1:47  Cybernetics Core  
  20  1:49  Probe  
  21  1:57  Photon Cannon  
  21  2:01  Probe  
  21  2:07  Pylon  
  22  2:13  Probe  
  23  2:21  Photon Cannon  
  23  2:46  Twilight Council  
  23  2:51  Warp Gate (Chrono Boost)  
  23  2:54  Gateway  
  23  2:55  Gateway  
  23  3:03  Gateway  
  23  3:14  Photon Cannon  
  23  3:18  Pylon  
  23  3:27  Dark Shrine  
  23  3:43  Robotics Facility  
  23  4:29  Photon Cannon  
  23  4:45  Warp Prism (Chrono Boost)  
  25  4:58  Photon Cannon  
  25  5:06  Photon Cannon  
  25  5:17  Pylon  
  25  5:34  Dark Templar x3  
  25  5:35  Dark Templar  
  25  6:08  Dark Templar x2  
  25  6:09  Dark Templar x2  
  31  7:09  Dark Templar x3  
  37  7:20  Dark Templar  
  27  9:22  Dark Templar x2  
  27  9:23  Dark Templar x2  
  33  10:03  Dark Templar x2  
  33  10:04  Dark Templar  
Tags
 
Add a new tag
Caveats
  • Supply blocks, unpowered buildings, or Contaminate may cause inaccurate times.
  • Supply counts are checked every 10 seconds.